 Dungeon Crawl Stone Soup version 0.25-a0-513-ge77a69270c (webtiles) character file.

Game seed: 13513033820489390237, levelgen mode: deterministic

22939 vurker the Zephyrmancer (level 12, -26/51 HPs)
             Began as a Felid Air Elementalist on Feb 16, 2020.
             Was a High Priest of Vehumet.
             Annihilated by an orc warlord
             ... wielding a +0 great mace
              (74 damage)
             ... on level 2 of the Orcish Mines.
             The game lasted 00:49:20 (39666 turns).

vurker the Zephyrmancer (Felid Air Elementalist)   Turns: 39666, Time: 00:49:20

Health: -26/51     AC:  3    Str:  4    XL:     12   Next: 67%
Magic:  5/29       EV: 29    Int: 21    God:    Vehumet [*****.]
Gold:   1842       SH:  0    Dex: 19    Spells: 21/36 levels left
                                        Lives:  0   Deaths: 4

rFire    + . .     SeeInvis +   (weapon unavailable)
rCold    + . .     Gourm    .   (shield unavailable)
rNeg     . . .     Faith    .   (armour unavailable)
rPois    +         Spirit   .   (helmet unavailable)
rElec    .         Reflect  .   (cloak unavailable)
rCorr    .         Harm     +   (gloves unavailable)
MR       +....                  (boots unavailable)
Stlth    +++++.....             p - amulet of harm
HPRegen  0.17/turn              n - +2 ring of evasion
MPRegen  0.21/turn              D - ring of protection from fire

@: quick
A: very small, no armour, no weapons or thrown items, stealth, claws 1, fangs 3,
see invisible, agile 1, carnivore, speed 1, poison resistance, shaggy fur 3,
slow metabolism 1, sharp paws
a: Renounce Religion


You were on level 2 of the Orcish Mines.
You worshipped Vehumet.
Vehumet was extremely pleased with you.
You were completely stuffed.

You visited 4 branches of the dungeon, and saw 21 of its levels.
You also visited: Sewer.

You collected 1842 gold pieces.

Inventory:

Jewellery
 l - an uncursed ring of ice
   (You found it on level 2 of the Lair of Beasts)
 n - a +2 ring of evasion (left paw)
   (You found it on level 3 of the Dungeon)
 p - an amulet of harm (around neck)
   (You found it on level 3 of the Dungeon)
 z - an uncursed amulet of faith {unknown}
   (You found it on level 8 of the Dungeon)
 B - an uncursed ring of positive energy
   (You found it on level 5 of the Dungeon)
 C - a cursed amulet of inaccuracy {unknown}
   (You found it on level 2 of the Lair of Beasts)
 D - a ring of protection from fire (right paw)
   (You found it on level 10 of the Dungeon)
Wands
 c - a wand of disintegration (13)
   (You found it on level 6 of the Lair of Beasts)
 r - a wand of clouds (9)
   (You found it on level 6 of the Dungeon)
 s - a wand of polymorph (9)
   (You took it off Ijyb on level 3 of the Dungeon)
 t - a wand of flame (6)
   (You took it off an orc on level 7 of the Dungeon)
 u - a wand of paralysis (15)
   (You found it on level 7 of the Dungeon)
 v - a wand of digging (3)
   (You found it on level 5 of the Lair of Beasts)
 A - a wand of scattershot (3)
   (You found it on level 3 of the Lair of Beasts)
Scrolls
 a - 7 scrolls of teleportation
 d - 4 scrolls of fear
 g - a scroll of noise
 h - 3 scrolls of magic mapping
 j - 11 scrolls of remove curse
 w - 3 scrolls of amnesia
 y - 8 scrolls of blinking
 F - a scroll of identify
Potions
 b - 4 potions of haste
 f - 5 potions of brilliance
 i - 3 potions of flight
 k - 2 potions of cancellation
 m - 10 potions of heal wounds
 o - 5 potions of curing
 q - 3 potions of resistance
 E - a potion of ambrosia {unknown}
Comestibles
 e - 40 rations


   Skills:
 + Level 5.2 Fighting
 - Level 10.0 Dodging
 - Level 10.0 Stealth
 * Level 12.5 Spellcasting
 + Level 9.0 Conjurations
 * Level 12.5 Air Magic
 + Level 9.3 Evocations


You had 21 spell levels left.
You knew the following spells:

 Your Spells              Type           Power        Failure   Level  Hunger
a - Shock                 Conj/Air       ####         1%          1    None
b - Lightning Bolt        Conj/Air       ######....   1%          5    ####...
c - Airstrike             Air            ######....   1%          4    None
q - Irradiate             Conj/Tmut      ####......   6%          5    ####...

Your spell library contained the following spells:

 Spells                   Type           Power        Failure   Level  Hunger
 Iskenderun's Battlesphe  Conj/Chrm      ####....     6%          5    ####...
 Searing Ray              Conj           ######       1%          2    None
 Swiftness                Chrm/Air       #####...     1%          2    None
 Conjure Flame            Conj/Fire      ####....     1%          3    None
 Dazzling Flash           Conj/Hex       ####..       1%          3    None
 Static Discharge         Conj/Air       ######..     1%          3    None
 Iskenderun's Mystic Bla  Conj/Tloc      ####....     2%          4    None
 Summon Lightning Spire   Summ/Air       #####...     3%          4    None
 Animate Skeleton         Necr           N/A          4%          1    None
 Apportation              Tloc           ##....       4%          1    None
 Beastly Appendage        Tmut           ##....       4%          1    None
 Corona                   Hex            ##.....      4%          1    None
 Pain                     Necr           ##..         4%          1    None
 Summon Small Mammal      Summ           ##..         4%          1    None
 Call Imp                 Summ           ##......     8%          2    None
 Ensorcelled Hibernation  Hex/Ice        ##....       8%          2    None
 Sticks to Snakes         Tmut           ##......     8%          2    None
 Call Canine Familiar     Summ           ##......     16%         3    None
 Confusing Touch          Hex            ##......     16%         3    None
 Gell's Gravitas          Tloc           ##........   16%         3    None
 Spider Form              Tmut/Pois      ##........   16%         3    None
 Summon Guardian Golem    Hex/Summ       ##......     16%         3    None
 Tukima's Dance           Hex            ##......     16%         3    None
 Yara's Violent Unravell  Hex/Tmut       ##........   32%         5    ####...
 Ice Form                 Ice/Tmut       ##......     45%         4    None
 Passage of Golubria      Tloc           N/A          45%         4    None
 Petrify                  Tmut/Erth      ##......     45%         4    None
 Summon Ice Beast         Ice/Summ       ##......     45%         4    None
 Blade Hands              Tmut           ##........   80%         5    ####...
 Metabolic Englaciation   Hex/Ice        ##........   80%         5    ####...
 Death Channel            Necr           ##........   100%        6    #####..
 Excruciating Wounds      Chrm/Necr      Unusable     N/A         5    N/A

Dungeon Overview and Level Annotations

Branches:
Dungeon (12/15)            Temple (1/1) D:6            Lair (6/6) D:10
 Shoals (0/4) Lair:2        Snake (0/4) Lair:2        Slime (0/5) Lair:5
    Orc (2/2) D:9           Sewer (visited)
    Elf: Orc:2

Altars:
Cheibriados
Elyvilon
Gozag
Hepliaklqana
Makhleb
Nemelex Xobeh
Okawaru
Qazlal
Ru
Sif Muna
Trog
Uskayaw
Vehumet
Yredelemnul
The Shining One
Jiyva

Shops:
D:9 [   D:12 =[   Orc:1 *   Orc:2 [

Annotations:
D:3 2 transporters, Tenar's ghost, amateur GrEE
D:10 3 runed translucent doors, Nefarium's ghost, novice GrEE
D:12 3 runed translucent doors, drasked's ghost, journeyman DEWz
Orc:1 3 runed translucent doors, Xont's ghost, journeyman FoAK


Innate Abilities, Weirdness & Mutations

You cannot wear armour.
You are incapable of wielding weapons or throwing items.
Your paws allow you to move quietly. (Stealth)
You have sharp claws.
You have razor-sharp teeth.
You have supernaturally acute eyesight. (SInv)
You are carnivorous and can eat meat at any time.
You cover ground quickly.
Your thick and shaggy fur keeps you warm. (AC +3, rC+)
You have a slow metabolism.
Your sharp claws are effective at attacking unaware monsters.
You are agile. (Dex +2)
Your system is resistant to poisons. (rPois)


Message History

The air twists around and strikes the warg!
The orc warlord shouts!
Aim: a warg (heavily wounded)
The air twists around and strikes the warg!
You kill the warg!
Vehumet accepts your kill.
You feel your power returning.
Aim: an orc, wielding a +0 flail and wearing a +0 chain mail The air twists around and strikes the orc!
You kill the orc!
Vehumet accepts your kill.
You feel your power returning.
The orc warrior shouts!
The orc wizard gestures at you while chanting.
The puff of flame hits you. You resist.
Aim: an orc warlord, wielding a +0 great mace and wearing a +0 chain mail The air twists around and strikes the orc warlord!
The orc wizard gestures wildly while chanting.
The orc wizard seems to speed up.
The orc warlord roars a battlecry!
The orcs go into a battle-frenzy!
You hear a shout!
Aim: an orc warlord, wielding a +0 great mace and wearing a +0 chain mail (lightly wounded)
You create a blast of flame!
The orc warrior is engulfed in blazing flames.
The orc knight roars a battlecry!
The orc warlord goes into a battle-frenzy!
Aim: an orc warlord, wielding a +0 great mace and wearing a +0 chain mail (flame, lightly wounded, unusually strong)
The air twists around and strikes the orc warlord!
The orc warrior is engulfed in blazing flames.
The orc warlord is engulfed in blazing flames.
A troll comes into view.
All of the chunks of flesh in your inventory have rotted away.
You don't have enough magic to cast that spell.
Aim: an orc warlord, wielding a +0 great mace and wearing a +0 chain mail (flame, moderately wounded, unusually strong, chance to defeat MR: 36%)
The orc warlord easily resists.
The orc knight is engulfed in blazing flames.
The orc warrior is engulfed in blazing flames.
You kill the orc warrior!
Vehumet accepts your kill.
You feel your power returning.
The orc wizard looks braver for a moment.
Aim: an orc warlord, wielding a +0 great mace and wearing a +0 chain mail (flame, moderately wounded, unusually strong, chance to defeat MR: 36%)
The orc warlord easily resists.
The orc knight is engulfed in blazing flames.
The orc wizard looks encouraged for a moment.
The orc warlord is engulfed in blazing flames.
The orc warlord hits you with a +0 great mace!!!
Ouch! That really hurt!
You die...

...P..## .... .P.....#
#.... .P##
.......##..... ..$
...o...#....#####..## #
...o..^......#.#....#.#
8.PP.o<..##.###.......##
.).oo......#............
.P........T#§§.<........
..P...#...o§o§§o@.#
.....# #.o§§§§§§###
....# ..§§§§.o ..##
..§§§... .. ..§§[...
.§..... )..#... #.###..


You could see an orc warlord, 2 orc knights, a troll, an orc warrior and an orc
wizard.

Vanquished Creatures
  Frances (D:12)
  Snorg (Lair:6)
  3 hydras
  4 catoblepae (Lair:6)
  A death knight (D:10)
  5 death yaks (Lair:6)
  Nergalle (D:10)
  5 skeletal warriors
  A phantasmal warrior (D:10)
  2 orc knights
  Pikel (D:6)
  An orc sorcerer (D:9)
  3 ugly things
  3 manticores
  2 oklob plants
  2 cyclopes
  2 rust devils
  2 centaur zombies
  4 black mambas
  3 elephants (Lair:6)
  6 spiny frogs
  2 gargoyles
  4 komodo dragons
  A rime drake (Lair:1)
  A freezing wraith (D:10)
  3 trolls
  A hornet (D:11)
  6 dream sheep
  6 hippogriffs
  16 blink frogs
  Sigmund (D:3)
  A vampire (D:9)
  A human (D:9)
  2 wraiths (D:10)
  39 yaks
  2 wyverns
  4 hogs (D:9)
  6 basilisks
  A hungry ghost (D:12)
  Menkaure (D:3)
  9 wargs
  A soldier ant (D:11)
  11 water moccasins
  Duvessa (D:7)
  6 porcupines
  2 eyes of draining
  13 orc warriors
  2 black bears
  4 sky beasts
  5 phantoms
  2 ice beasts
  2 slaves
  A necrophage (D:8)
  9 centaurs
  10 ogres
  20 crocodiles
  2 big kobolds
  Blork the orc (D:6)
  13 bullfrogs
  A gnoll sergeant (D:11)
  Dowan (D:7)
  4 scorpions
  19 killer bees
  5 wights (D:9)
  2 crimson imps
  A bullfrog zombie (D:11)
  9 hounds
  9 orc priests
  Crazy Yiuf (D:4)
  3 jellies
  3 centaur skeletons
  13 orc wizards
  3 bullfrog skeletons (D:8)
  An iron imp (D:6)
  5 iguanas
  Ijyb (D:3)
  Terence (D:3)
  11 worker ants
  A howler monkey zombie (D:7)
  A worker ant zombie (D:6)
  11 gnolls
  12 adders
  8 river rats
  2 shadow imps
  4 oozes
  2 adder zombies
  An adder skeleton (D:8)
  3 worms
  4 dart slugs
  7 leopard geckos
  63 orcs
  5 bats
  9 giant cockroaches
  7 goblins
  6 hobgoblins
  2 jackals (D:1)
  9 quokkas
  6 ball pythons
  3 frilled lizards
  A goblin zombie (D:6)
  3 jackal skeletons
  A jackal zombie (D:6)
  28 kobolds
  3 kobold skeletons (D:6)
  2 kobold zombies (D:6)
  A leopard gecko zombie (D:8)
  3 orc skeletons (D:6)
  25 rats
  2 plants
593 creatures vanquished.

Vanquished Creatures (others)
  A slave (D:6)
  A bullfrog skeleton (D:6)
  A kobold skeleton (D:6)
  12 fungi
  13 plants
28 creatures vanquished.

Grand Total: 621 creatures vanquished

Notes
Turn   | Place    | Note
-------+----------+-------------------------------------------
     0 | D:1      | vurker the Felid Air Elementalist began the quest for the
                  | Orb.
     0 | D:1      | Reached XP level 1. HP: 7/7 MP: 4/4
   267 | D:1      | Reached skill level 1 in Conjurations
   443 | D:1      | Reached XP level 2. HP: 12/12 MP: 3/6
  1154 | D:1      | Reached XP level 3. HP: 15/15 MP: 3/7
  1459 | D:2      | You fall into a shaft and drop 2 floors!
  1463 | D:4      | Reached skill level 1 in Fighting
  1539 | D:4      | Noticed an ogre
  1902 | D:4      | Noticed Menkaure
  1908 | D:3      | Reached XP level 4. HP: 11/19 MP: 7/9
  2785 | D:3      | Noticed Sigmund
  3162 | D:3      | Found a transporter.
  3175 | D:3      | Found a transporter.
  3183 | D:3      | Noticed Tenar's ghost (amateur GrEE)
  3249 | D:3      | Noticed Terence
  3315 | D:3      | Killed Menkaure
  3315 | D:3      | Reached XP level 5. HP: 15/22 MP: 2/11
  3323 | D:3      | Learned a level 5 spell: Lightning Bolt
  3328 | D:3      | Learned a level 4 spell: Airstrike
  3677 | D:4      | Gained mutation: You are covered in thick fur. (AC +2)
                  | [Felid growth]
  3677 | D:4      | Reached XP level 6. HP: 3/26 MP: 2/12
  4394 | D:4      | Found a runed translucent door.
  4395 | D:4      | Noticed Crazy Yiuf
  4579 | D:4      | Reached XP level 7. HP: 30/30 MP: 10/14
  4691 | D:4      | Found a sparkling altar of Nemelex Xobeh.
  4698 | D:4      | Found a stormy altar of Qazlal.
  4703 | D:4      | Found a hazy altar of Hepliaklqana.
  4715 | D:4      | Found a glowing golden altar of the Shining One.
  4722 | D:4      | Found a white marble altar of Elyvilon.
  4734 | D:4      | Found a basalt altar of Yredelemnul.
  4741 | D:4      | Found a bloodstained altar of Trog.
  4832 | D:4      | Reached skill level 5 in Air Magic
  5047 | D:4      | Killed Crazy Yiuf
  5219 | D:3      | Noticed Ijyb
  5222 | D:3      | Killed Ijyb
  5309 | D:3      | Killed Terence
  5545 | D:3      | Killed Sigmund
  5545 | D:3      | Reached skill level 5 in Spellcasting
  6042 | D:5      | Entered Level 5 of the Dungeon
  6316 | D:5      | Reached XP level 8. HP: 27/34 MP: 11/16
  6460 | D:5      | Found a hide-covered altar of Uskayaw.
  7690 | D:6      | Noticed Pikel
  7850 | D:6      | Killed Pikel
  8062 | D:6      | Found a glowing drain.
  8066 | Sewer    | Entered a sewer
  9389 | D:6      | Noticed Blork the orc
  9392 | D:6      | Killed Blork the orc
  9392 | D:6      | Reached skill level 5 in Stealth
  9661 | D:6      | Reached XP level 9. HP: 37/37 MP: 10/19
  9663 | D:6      | Reached skill level 5 in Dodging
 10184 | D:6      | Reached skill level 1 in Evocations
 10296 | D:6      | Found an opulent altar of Gozag.
 10302 | D:6      | Found a staircase to the Ecumenical Temple.
 10514 | Temple   | Entered the Ecumenical Temple
 10595 | Temple   | Became a worshipper of Vehumet
 10950 | D:6      | Found a glowing golden altar of the Shining One.
 11701 | D:7      | Reached * piety under Vehumet
 11701 | D:7      | Offered knowledge of Foxfire by Vehumet.
 11710 | D:7      | Noticed Duvessa
 12212 | D:7      | Found a bloodstained altar of Trog.
 12360 | D:7      | Found a snail-covered altar of Cheibriados.
 12876 | D:7      | Found a bloodstained altar of Trog.
 12941 | D:7      | Found a snail-covered altar of Cheibriados.
 13064 | D:7      | Noticed Dowan
 13066 | D:7      | Killed Dowan
 13066 | D:7      | Reached skill level 5 in Conjurations
 13068 | D:7      | Killed Duvessa
 13636 | D:8      | Reached XP level 10. HP: 43/43 MP: 16/22
 14293 | D:8      | Offered knowledge of Magic Dart by Vehumet.
 14295 | D:8      | Reached ** piety under Vehumet
 15624 | D:9      | Identified Sif Muna's Compendium of Dislocation and
                  | Necromancy
 15697 | D:9      | Found Yreo's Antique Armour Boutique.
 16263 | D:9      | Offered knowledge of Mephitic Cloud by Vehumet.
 16577 | D:9      | Reached skill level 5 in Fighting
 17033 | D:9      | Reached *** piety under Vehumet
 17090 | D:9      | Found a bloodstained altar of Trog.
 17090 | D:9      | You fall into a shaft and drop 1 floor!
 17090 | D:10     | Entered Level 10 of the Dungeon
 17117 | D:10     | Noticed a death knight
 17117 | D:10     | Noticed a phantasmal warrior
 17134 | D:10     | Slain by a phantasmal warrior
 17135 | D:10     | Reached XP level 9. HP: -2/40 MP: 6/22
 17135 | D:10     | Found a staircase to the Lair.
 17421 | D:9      | Offered knowledge of Inner Flame by Vehumet.
 17485 | D:9      | Found a staircase to the Orcish Mines.
 17980 | D:10     | Reached XP level 10. HP: 44/44 MP: 19/23
 18003 | D:10     | Noticed a white ugly thing
 18005 | D:10     | Annihilated by a white ugly thing
 18006 | D:10     | Reached XP level 9. HP: -30/40 MP: 19/22
 18028 | D:10     | Killed a white ugly thing
 18295 | D:10     | Reached skill level 5 in Evocations
 18644 | D:10     | Noticed a gargoyle
 18646 | D:10     | Killed a gargoyle
 18654 | D:10     | Killed a phantasmal warrior
 18654 | D:10     | Reached XP level 10. HP: 44/44 MP: 8/24
 18682 | D:10     | Killed a death knight
 19285 | D:10     | Noticed Nergalle
 19302 | D:10     | Found a runed translucent gate.
 19309 | D:10     | Found a runed translucent gate.
 19316 | D:10     | Noticed Nefarium's ghost (novice GrEE)
 19385 | D:10     | Found a runed translucent gate.
 19484 | D:10     | Killed Nergalle
 19662 | D:10     | Found a sacrificial altar of Ru.
 19894 | D:10     | Reached **** piety under Vehumet
 19980 | D:11     | Noticed a manticore
 19983 | D:11     | Killed a manticore
 20061 | D:11     | Noticed a skeletal warrior
 20061 | D:11     | Noticed a skeletal warrior
 20062 | D:11     | Noticed a skeletal warrior
 20069 | D:11     | Noticed a skeletal warrior
 20070 | D:11     | Noticed a skeletal warrior
 20240 | D:10     | HP: 1/44 [skeletal warrior/cursed -1 short sword[a skeletal
                  | warrior] (14)]
 20251 | D:10     | Killed a skeletal warrior
 20554 | D:11     | Reached XP level 11. HP: 47/47 MP: 9/25
 20904 | D:11     | Offered knowledge of Dazzling Flash by Vehumet.
 21105 | D:11     | Reached skill level 10 in Air Magic
 21771 | D:11     | Reached skill level 10 in Spellcasting
 22997 | D:11     | Killed a skeletal warrior
 23272 | Lair:1   | Entered Level 1 of the Lair of Beasts
 24425 | Lair:1   | Noticed an oklob plant
 24430 | Lair:1   | Killed an oklob plant
 25107 | Lair:2   | Found a staircase to the Snake Pit.
 25153 | Lair:2   | Found a staircase to the Shoals.
 25159 | Lair:2   | Gained mutation: Your thick and shaggy fur keeps you warm.
                  | (AC +3, rC+) [Felid growth]
 25159 | Lair:2   | Reached XP level 12. HP: 51/51 MP: 20/27
 25679 | Lair:2   | Noticed a seven-headed hydra
 25683 | Lair:2   | Killed a seven-headed hydra
 27364 | Lair:4   | Noticed a seven-headed hydra
 27369 | Lair:4   | Killed a seven-headed hydra
 27569 | Lair:4   | Reached ***** piety under Vehumet
 28235 | Lair:4   | Offered knowledge of Starburst by Vehumet.
 29178 | Lair:5   | Gained mutation: You tend to lose your temper in combat.
                  | [potion of mutation]
 29178 | Lair:5   | Gained mutation: Your body sometimes deteriorates upon
                  | taking damage. [potion of mutation]
 29178 | Lair:5   | Gained mutation: You are agile. (Dex +2) [potion of
                  | mutation]
 29179 | Lair:5   | Lost mutation: You tend to lose your temper in combat.
                  | [potion of mutation]
 29179 | Lair:5   | Lost mutation: Your body sometimes deteriorates upon taking
                  | damage. [potion of mutation]
 29179 | Lair:5   | Gained mutation: Your system is resistant to poisons.
                  | (rPois) [potion of mutation]
 29290 | Lair:5   | Found a viscous altar of Jiyva.
 29290 | Lair:5   | Found a staircase to the Slime Pits.
 29653 | Lair:6   | Entered Level 6 of the Lair of Beasts
 29668 | Lair:6   | Noticed a catoblepas
 29679 | Lair:6   | Killed a catoblepas
 30381 | Lair:6   | Reached XP level 13. HP: 44/54 MP: 6/29
 31120 | Lair:5   | Slain by a dream sheep
 31121 | Lair:5   | Reached XP level 12. HP: -3/51 MP: 21/28
 31308 | Lair:6   | Noticed a catoblepas
 31318 | Lair:6   | Killed a catoblepas
 31440 | Lair:6   | Noticed a catoblepas
 31452 | Lair:6   | Killed a catoblepas
 31749 | Lair:6   | Noticed a four-headed hydra
 32029 | Lair:6   | Killed a four-headed hydra
 32462 | Lair:6   | Noticed a death yak
 32486 | Lair:6   | Noticed a death yak
 32489 | Lair:6   | Noticed a death yak
 32493 | Lair:6   | Noticed a death yak
 32499 | Lair:6   | Killed a death yak
 32499 | Lair:6   | Reached skill level 10 in Stealth
 32501 | Lair:6   | Killed a death yak
 32505 | Lair:6   | Killed a death yak
 32784 | Lair:6   | Noticed Snorg
 32790 | Lair:6   | Killed Snorg
 32918 | Lair:6   | Noticed a death yak
 33116 | Lair:6   | Killed a death yak
 33124 | Lair:6   | Killed a death yak
 33124 | Lair:6   | Reached skill level 10 in Dodging
 33124 | Lair:6   | Reached XP level 13. HP: 54/54 MP: 3/30
 35604 | D:12     | Found a runed translucent gate.
 35604 | D:12     | Found a runed translucent gate.
 35604 | D:12     | Found a runed translucent gate.
 35606 | D:12     | Noticed drasked's ghost (journeyman DEWz)
 35614 | D:12     | Found Gimigguw's Jewellery Boutique.
 35799 | D:12     | Found Plog's Armour Shoppe.
 35932 | D:12     | Identified the Tome of Flying Attacks
 35940 | D:12     | Learned a level 5 spell: Irradiate
 36347 | D:12     | Noticed Frances
 36354 | D:12     | Killed Frances
 36378 | D:12     | Offered knowledge of Iskenderun's Battlesphere by Vehumet.
 37013 | Orc:1    | Entered Level 1 of the Orcish Mines
 37614 | D:9      | Slain by an orc knight
 37615 | D:9      | Reached XP level 12. HP: 0/51 MP: 15/29
 37851 | D:9      | Found a staircase to the Orcish Mines.
 37916 | D:9      | Found Yreo's Antique Armour Boutique.
 38026 | D:9      | Found a bloodstained altar of Trog.
 39200 | Orc:1    | Found a runed translucent gate.
 39201 | Orc:1    | Found a runed translucent gate.
 39205 | Orc:1    | Found a runed translucent gate.
 39205 | Orc:1    | Found an opulent altar of Gozag.
 39206 | Orc:1    | Found Vokusm's Assorted Antiques.
 39206 | Orc:1    | Noticed Xont's ghost (journeyman FoAK)
 39417 | Orc:2    | Entered Level 2 of the Orcish Mines
 39417 | Orc:2    | Found Jimeam Epot's Antique Armour Shop.
 39417 | Orc:2    | Noticed an orc warlord
 39666 | Orc:2    | Annihilated by an orc warlord

Levels and vault maps discovered:
D:1:      heliophobic_arrival_dark_side_of_the_moon, layout_basic
D:2:      layout_basic, minmay_misc_feat_columns
D:3:      layout_basic, first_ration, gammafunk_ghost_stat_death, uniq_terence,
          uniq_sigmund, uniq_ijyb
D:4:      layout_loops_ring, grunt_temple_overflow_octagram,
          uniq_crazy_yiuf_cottage, uniq_menkaure
D:5:      black_bear_nest_2, layout_layer_cave, kennysheep_mini
D:6:      hangedman_cross_stitches, layout_loops_ring, kennysheep_mini_moat,
          minmay_temple_entry_large_hall, gup_sewer_entry_spiral, corexii_shack,
          nicolae_tso_besieged_by_evil, uniq_pikel, uniq_blork_the_orc
D:7:      layout_cave_pods, basic_altar, cheibriados_altar_1, uniq_duvessa
D:8:      layout_rooms, serial_curves, eino_curves_04, eino_curves_04,
          eino_curves_01
D:9:      layout_cave_pods, hiddenorc1_lemuel, serial_shops,
          nicolae_shop_temple_entry_statues_fountains, grunt_livestock,
          trog_eyes_of_draining
D:10:     cheibrodos_iron_armory, layout_irregular_city, lair_entry_dummy,
          ebering_ghost_rock_garden, basic_altar, uniq_nergalle
D:11:     layout_long_grid
D:12:     layout_basic, gammafunk_ghost_nasty_kobolds, serial_shops,
          nicolae_shop_behind_doors, shop, uniq_frances
Temple:   nicolae_temple_god_jail
Lair:1:   layout_misc_corridors, minmay_lair_oklob_chamber, grunt_megastairs_5
Lair:2:   layout_roguey, shoals_dummy_entry, dummy_snake_entry
Lair:3:   layout_regular_city
Lair:4:   layout_regular_city, grunt_megastairs_1
Lair:5:   layout_gridlike, slime_altar_1
Lair:6:   evilmike_catoblepas_cave, layout_loops_ring, uniq_snorg
Orc:1:    cheibrodos_orc_guarddog, layout_caves, ebering_ghost_gozag
Orc:2:    grunt_orc_gardens, layout_diamond_mine, grunt_orc_garden,
          grunt_orc_garden, grunt_orc_garden, grunt_orc_garden,
          gauntlet_entry_generic, minmay_shop_mayhem, mines2_lemuel, uniq_sonja

Skill      XL: |  1  2  3  4  5  6  7  8  9 10 11 12 13 |
---------------+----------------------------------------+-----
Conjurations   | 1 2 3 4 6 7 9 8 |  9.0
Air Magic      | 3 4 5 6 9 8 10 12 | 12.5
Fighting       | 1 2 3 4 5 |  5.2
Spellcasting   | 3 4 5 6 9 8 10 12 | 12.5
Stealth        | 3 5 6 8 10 | 10.0
Dodging        | 3 4 5 6 7 10 | 10.0
Evocations     | 5 4 6 8 9 |  9.3

Action                   |  1- 3 |  4- 6 |  7- 9 | 10-12 | 13-15 || total
-------------------------+-------+-------+-------+-------+-------++-------
Melee: Unarmed           |    11 |       |     5 |   132 |     1 ||   149
       Bite              |     1 |       |     1 |    19 |       ||    21
 Cast: Shock             |    77 |    94 |   201 |    31 |     8 ||   411
       Airstrike         |       |     1 |   151 |   561 |   138 ||   851
       Lightning Bolt    |       |       |       |     7 |     8 ||    15
       Irradiate         |       |       |       |     1 |       ||     1
Evoke: Wand              |       |       |    10 |    44 |     5 ||    59
  Use: Scroll            |       |       |    14 |    10 |       ||    24
       Potion            |       |       |       |     2 |       ||     2
  Eat: Chunk             |    10 |     5 |    45 |    68 |    12 ||   140
Armor: Skin              |       |       |     4 |     2 |     3 ||     9
Dodge: Dodged            |    20 |    23 |    64 |   110 |    56 ||   273

Table legend:
 A = Non-vault XP
 B = Vault XP
 C = Vault XP percentage of total XP
 D = Non-vault monster count
 E = Vault monster count
 F = Vault count percentage of total count
                 A         B        C        D         E       F
            +---------+---------+-------+---------+---------+-------
      Total |   55899 |   22846 |  29.0 |     440 |     149 |  25.3
            +---------+---------+-------+---------+---------+-------
        D:1 |      41 |       0 |   0.0 |      19 |       0 |   0.0
        D:2 |      38 |       0 |   0.0 |      13 |       0 |   0.0
        D:3 |      32 |     472 |  93.7 |      15 |       4 |  21.1
        D:4 |     720 |      42 |   5.5 |      21 |       1 |   4.5
        D:5 |     140 |     128 |  47.8 |      13 |       1 |   7.1
        D:6 |    1119 |    1080 |  49.1 |      27 |      24 |  47.1
        D:7 |    1311 |     209 |  13.8 |      28 |       2 |   6.7
        D:8 |    1323 |       0 |   0.0 |      28 |       0 |   0.0
        D:9 |    2776 |    1569 |  36.1 |      23 |      26 |  53.1
       D:10 |    7911 |    1510 |  16.0 |      39 |       4 |   9.3
       D:11 |    7681 |     470 |   5.8 |      50 |       1 |   2.0
       D:12 |    3395 |    2142 |  38.7 |      28 |       1 |   3.4
     Lair:1 |    3419 |    1002 |  22.7 |      17 |       2 |  10.5
     Lair:2 |    2784 |       0 |   0.0 |      12 |       0 |   0.0
     Lair:3 |    1019 |       0 |   0.0 |       6 |       0 |   0.0
     Lair:4 |    6292 |     100 |   1.6 |      22 |       1 |   4.3
     Lair:5 |    2927 |       0 |   0.0 |      12 |       0 |   0.0
     Lair:6 |   10522 |   11971 |  53.2 |      38 |      24 |  38.7
      Orc:1 |    2437 |    1547 |  38.8 |      25 |       7 |  21.9
      Orc:2 |      12 |     424 |  97.2 |       4 |       3 |  42.9
      Sewer |       0 |     180 | 100.0 |       0 |      48 | 100.0
            +---------+---------+-------+---------+---------+-------
